[Event "RUS-chT Men Rapid 2019"]
[Site "Sochi"]
[Date "2019.10.19"]
[Round "8.10"]
[White "Vakhlamov, Igor L."]
[Black "Yuffa, Daniil"]
[Result "0-1"]
[ECO "B11"]
[WhiteElo "2413"]
[BlackElo "2577"]
[Annotator "ChessBase"]
[PlyCount "71"]
[EventDate "2019.10.18"]
[EventType "swiss"]
[EventCountry "RUS"]
[SourceTitle "playchess.com"]
[Source "ChessBase"]
[SourceQuality "1"]
[TimeControl "900+10"]

1. e4 c6 2. Nc3 d5 3. Nf3 Bg4 4. h3 Bxf3 5. Qxf3 e6 6. d4 Nf6 7. Bd3 dxe4 8. Nxe4 Qxd4 9. O-O Nbd7 10. Be3 Qd5 11. Rfd1 Be7 12. Nxf6+ Nxf6 13. Qg3 Bd6 14. Qh4 Qe5 15. g3 Bc5 16. Bd2 O-O-O 17. b4 Bd4 18. Rab1 h6 19. Qf4 Qxf4 20. Bxf4 Nh5 21. Kg2 Nxf4+ 22. gxf4 g6 23. Be4 Bf6 24. Kf3 Kc7 25. Ke2 Be7 26. Rd3 Rxd3 27. Bxd3 Rd8 28. c3 Rd5 29. Be4 Rh5 30. Rh1 Rh4 31. a4 Rxf4 32. Bg2 a5 33. b5 Rxa4 34. bxc6 Ra2+ 35. Kd3 Rxf2 36. Kd4 0-1

[Event "RUS-chT Men Rapid 2019"]
[Site "Sochi"]
[Date "2019.10.19"]
[Round "8.14"]
[White "Iljin, Artem"]
[Black "Bryakin, Mikhail"]
[Result "1-0"]
[ECO "D02"]
[WhiteElo "2509"]
[BlackElo "2440"]
[Annotator "ChessBase"]
[PlyCount "127"]
[EventDate "2019.10.18"]
[EventType "swiss"]
[EventCountry "RUS"]
[SourceTitle "playchess.com"]
[Source "ChessBase"]
[SourceQuality "1"]
[TimeControl "900+10"]

1. Nf3 d5 2. d4 Nf6 3. c4 c6 4. Qc2 dxc4 5. Qxc4 Bf5 6. g3 e6 7. Bg2 Be7 8. O-O Nbd7 9. e3 Ne4 10. Nc3 O-O 11. Qe2 Qa5 12. Bd2 Nxd2 13. Nxd2 h6 14. a3 Qc7 15. Rac1 Bh7 16. Rfd1 Rac8 17. Nc4 Qb8 18. b4 Nb6 19. Na5 Rfd8 20. Qb2 a6 21. Ne4 Nd5 22. Nc4 Qa7 23. h4 Nf6 24. Nxf6+ Bxf6 25. a4 g5 26. hxg5 hxg5 27. Qb3 Rc7 28. Ra1 Qb8 29. Rac1 Qa7 30. Bf3 Bg6 31. Kg2 Kg7 32. Rh1 Rcc8 33. Rhd1 Rc7 34. Rd2 Rh8 35. Ne5 Qb8 36. Ng4 Be7 37. Qb2 f6 38. e4 Qf8 39. Rb1 Rd7 40. b5 cxb5 41. axb5 a5 42. Rbd1 Bb4 43. Rd3 Qg8 44. e5 Bxd3 45. Nxf6 Qd8 46. Rxd3 Rf7 47. d5 Rxf6 48. exf6+ Qxf6 49. Qc2 e5 50. Qc7+ Kh6 51. Rd1 g4 52. Be4 Qe7 53. d6 Qf8 54. Rh1+ Kg5 55. Rxh8 Qxh8 56. d7 Be7 57. Qxb7 a4 58. Qa6 Bf6 59. Qe6 Kh6 60. Qxg4 Bg5 61. Qh3+ Kg7 62. Qxh8+ Kxh8 63. b6 a3 64. b7 1-0

[Event "RUS-chT Men Rapid 2019"]
[Site "Sochi"]
[Date "2019.10.19"]
[Round "8.15"]
[White "Golubov, Saveliy"]
[Black "Faizrakhmanov, Ramil"]
[Result "0-1"]
[ECO "A46"]
[WhiteElo "2469"]
[BlackElo "2434"]
[Annotator "ChessBase"]
[PlyCount "144"]
[EventDate "2019.10.18"]
[EventType "swiss"]
[EventCountry "RUS"]
[SourceTitle "playchess.com"]
[Source "ChessBase"]
[SourceQuality "1"]
[TimeControl "900+10"]

1. d4 Nf6 2. Nf3 e6 3. Bf4 c5 4. e3 Nc6 5. c3 d5 6. Nbd2 Bd6 7. Bg3 O-O 8. Bd3 b6 9. Qe2 h6 10. Ne5 Bb7 11. O-O Ne7 12. Bh4 Ne4 13. f3 Nxd2 14. Qxd2 Qc7 15. f4 Nf5 16. Bf2 Be7 17. Qc2 Nd6 18. dxc5 bxc5 19. c4 dxc4 20. Nxc4 Nxc4 21. Qxc4 Bd5 22. Qc2 c4 23. Be4 Bxe4 24. Qxe4 Rab8 25. Rac1 Rxb2 26. Rxc4 Qd7 27. Rc2 Rfb8 28. Qc4 a5 29. e4 Rxc2 30. Qxc2 Rb4 31. g3 Qb7 32. Rc1 Qxe4 33. Qxe4 Rxe4 34. Rc8+ Kh7 35. Rc7 Bf6 36. Rxf7 Ra4 37. Ra7 Rxa2 38. Ra6 e5 39. fxe5 Bxe5 40. Bc5 a4 41. Kh1 Bb2 42. Ra7 a3 43. Ra6 Ra1+ 44. Kg2 a2 45. Bf2 Be5 46. g4 Kg8 47. Ra7 g5 48. Ra5 Kf7 49. Ra6 Ke7 50. h3 Kd7 51. Kf3 Kc7 52. Ke4 Bc3 53. Kf3 Kb7 54. Rb6+ Kc7 55. Ra6 Kd7 56. Kg2 Bb4 57. Kh2 Bd6+ 58. Kg2 Be5 59. Kf3 Bg7 60. Kg2 Be5 61. Kf3 Bd6 62. Kg2 Bc7 63. Kf3 Kc8 64. Kg2 Kb7 65. Ra7+ Kc6 66. Ra8 Kd5 67. Ra4 Be5 68. Kf3 Bc3 69. Ke2 Kc6 70. Rc4+ Kb5 71. Rxc3 Rb1 72. Bd4 Rb2+ 0-1

[Event "RUS-chT Men Rapid 2019"]
[Site "Sochi"]
[Date "2019.10.19"]
[Round "8.16"]
[White "Samusenko, Maksim"]
[Black "Apryshko, Gleb"]
[Result "1-0"]
[ECO "B06"]
[WhiteElo "2445"]
[BlackElo "2382"]
[Annotator "NA"]
[PlyCount "193"]
[EventDate "2019.10.18"]
[EventType "swiss"]
[EventCountry "RUS"]
[SourceTitle "playchess.com"]
[Source "ChessBase"]
[SourceQuality "1"]
[TimeControl "900+10"]

1. d4 g6 2. e4 Bg7 3. Nc3 d6 4. Bf4 a6 5. Nf3 Nd7 6. Bc4 e6 7. a4 b6 8. O-O Ne7 9. Qd2 h6 10. h4 Bb7 11. Rfe1 Nf6 12. Bb3 Ng4 13. Rad1 Qd7 14. Qe2 Nf6 15. e5 Nfd5 16. Nxd5 Nxd5 17. Bg3 b5 18. axb5 axb5 19. Nd2 Ne7 20. h5 g5 21. f3 Bd5 22. Bxd5 Nxd5 23. Ne4 Ra6 24. Ra1 Rxa1 25. Rxa1 dxe5 26. dxe5 O-O 27. Qd2 Qc6 28. Kh2 Nb6 29. Rd1 Nc4 30. Qd4 Qb6 31. Qc3 Ne3 32. Re1 Nf5 33. Bf2 b4 34. Qc5 Qxc5 35. Nxc5 Rd8 36. Re2 Rd5 37. b3 Bxe5+ 38. Kh3 Bd6 39. Nd3 Nd4 40. Bxd4 Rxd4 41. g3 c5 42. Nb2 Bc7 43. g4 Kf8 44. Kg2 Ke7 45. Kf2 Kd6 46. Nc4+ Kc6 47. Nb2 Bf4 48. Nd3 Bc7 49. Re1 Kb5 50. Ke2 c4 51. bxc4+ Kxc4 52. Rb1 Kc3 53. Kd1 Bd6 54. Rb3+ Kc4 55. Ke2 f5 56. Nf2 Bf4 57. Nd3 Bd6 58. Nf2 Rd5 59. Nd3 Ra5 60. Nb2+ Kc5 61. Re3 Ra2 62. Nd3+ Kd5 63. Re5+ Kd4 64. Rxe6 Rxc2+ 65. Kd1 Kc3 66. Rxd6 Rd2+ 67. Kc1 Rc2+ 68. Kb1 b3 69. Nc1 Rb2+ 70. Ka1 Rf2 71. Rc6+ Kd4 72. Nxb3+ Ke3 73. gxf5 Kxf3 74. Rxh6 g4 75. Rg6 Rh2 76. Nd4+ Kf4 77. f6 Ke5 78. f7 Rf2 79. Rxg4 Rxf7 80. Kb2 Rh7 81. Rh4 Kf6 82. Nf3 Re7 83. Kc2 Re3 84. Rf4+ Kg7 85. Rf5 Kh6 86. Kd2 Re4 87. Kd3 Re7 88. Ne5 Rg7 89. Ke4 Rg1 90. Kf4 Rf1+ 91. Nf3 Ra1 92. Kg3 Ra3 93. Kg4 Ra4+ 94. Kh3 Ra3 95. Kg3 Rb3 96. Rd5 Ra3 97. Kg4 1-0

[Event "RUS-chT Men Rapid 2019"]
[Site "Sochi"]
[Date "2019.10.19"]
[Round "8.17"]
[White "Kokarev, Dmitry"]
[Black "Ponkratov, Pavel"]
[Result "1-0"]
[ECO "C11"]
[WhiteElo "2593"]
[BlackElo "2621"]
[Annotator "ChessBase"]
[PlyCount "65"]
[EventDate "2019.10.18"]
[EventType "swiss"]
[EventCountry "RUS"]
[SourceTitle "playchess.com"]
[Source "ChessBase"]
[SourceQuality "1"]
[TimeControl "900+10"]

1. e4 e6 2. d4 d5 3. Nc3 Nf6 4. e5 Nfd7 5. f4 c5 6. Nf3 Nc6 7. Be3 Be7 8. Qd2 O-O 9. Be2 b6 10. O-O Bb7 11. Nd1 f5 12. c4 cxd4 13. Nxd4 Nxd4 14. Bxd4 Nc5 15. Nc3 dxc4 16. Bxc4 Qe8 17. Qe3 Qc6 18. Rf2 Rad8 19. Bb5 Qc8 20. Rc1 Rxd4 21. Qxd4 Ne4 22. Bd7 Qc7 23. Bxe6+ Kh8 24. Qc4 Bc5 25. Nxe4 fxe4 26. Kh1 e3 27. Re2 g5 28. b4 Rxf4 29. Qc3 Qc6 30. bxc5 Rf2 31. Rxf2 exf2 32. Qg3 Qxc5 33. Rf1 1-0

[Event "RUS-chT Men Rapid 2019"]
[Site "Sochi"]
[Date "2019.10.19"]
[Round "8.18"]
[White "Lysyj, Igor"]
[Black "Ulybin, Mikhail"]
[Result "1-0"]
[ECO "D06"]
[WhiteElo "2596"]
[BlackElo "2455"]
[Annotator "ChessBase"]
[PlyCount "113"]
[EventDate "2019.10.18"]
[EventType "swiss"]
[EventCountry "RUS"]
[SourceTitle "playchess.com"]
[Source "ChessBase"]
[SourceQuality "1"]
[TimeControl "900+10"]

1. d4 d5 2. c4 c5 3. cxd5 Qxd5 4. e3 e6 5. Nc3 Qd8 6. Nf3 Nf6 7. Bc4 a6 8. O-O b5 9. Be2 Bb7 10. dxc5 Qxd1 11. Rxd1 Bxc5 12. Nd2 Nbd7 13. Nb3 Bb6 14. a4 b4 15. a5 Ba7 16. Na2 Bd5 17. Nd4 Bxd4 18. exd4 Bxa2 19. Rxa2 Nd5 20. Bd2 Ke7 21. Rc1 Rhc8 22. Raa1 Rxc1+ 23. Rxc1 Kd6 24. Bf3 Rb8 25. Be2 Ra8 26. Kf1 h6 27. h4 N7f6 28. Bd3 Kd7 29. Ke2 Ne8 30. Bc4 Nec7 31. Kd3 Rb8 32. g4 Rb7 33. f3 Rb8 34. h5 f6 35. f4 Kd6 36. Re1 Rb7 37. f5 exf5 38. gxf5 Rb8 39. Rg1 Ne8 40. Be1 Kc6 41. Bg3 Ra8 42. Re1 Nec7 43. Bxc7 Nxc7 44. Re7 Rd8 45. Rxg7 Nb5 46. Bxb5+ Kxb5 47. Rg6 Rd5 48. Rxf6 Kxa5 49. Kc4 Rd8 50. d5 Rg8 51. Rg6 Re8 52. Re6 Rg8 53. d6 Rg4+ 54. Kc5 Rg1 55. d7 Rc1+ 56. Kd6 Rd1+ 57. Ke7 1-0

[Event "RUS-chT Men Rapid 2019"]
[Site "Sochi"]
[Date "2019.10.19"]
[Round "8.20"]
[White "Remizov, Yaroslav"]
[Black "Garifullina, Leya"]
[Result "1/2-1/2"]
[ECO "B90"]
[WhiteElo "2394"]
[BlackElo "2330"]
[Annotator "NA"]
[PlyCount "144"]
[EventDate "2019.10.18"]
[EventType "swiss"]
[EventCountry "RUS"]
[SourceTitle "playchess.com"]
[Source "ChessBase"]
[SourceQuality "1"]
[TimeControl "900+10"]

1. e4 c5 2. Nf3 d6 3. d4 cxd4 4. Nxd4 Nf6 5. Nc3 a6 6. Be3 e5 7. Nb3 Be6 8. h3 Nbd7 9. g4 h6 10. f4 exf4 11. Bxf4 Nh5 12. Be3 Ng3 13. Rh2 Nxf1 14. Kxf1 Be7 15. Nd5 Bg5 16. Qd4 O-O 17. Rd1 Ne5 18. Bxg5 Qxg5 19. Qd2 Bxd5 20. exd5 Nf3 21. Qxg5 Nxh2+ 22. Kg2 hxg5 23. Kxh2 Rac8 24. Rd2 Rfe8 25. Nd4 g6 26. c3 Re3 27. Kg2 Kg7 28. Nf3 Rce8 29. Kf2 Kf6 30. c4 R3e4 31. b3 Rc8 32. Nd4 Rf4+ 33. Nf3 Rh8 34. Kg3 Re4 35. Rf2 Re3 36. Kg2 Rhe8 37. Nd4+ Kg7 38. Rd2 Re1 39. Kf2 Rh1 40. Kg2 Ra1 41. Nf3 Kf6 42. Rf2 Re4 43. Nd2+ Rf4 44. Re2 Kg7 45. Ne4 Rff1 46. Nxd6 b6 47. Nc8 Rg1+ 48. Kf3 Rgf1+ 49. Ke4 f5+ 50. gxf5 gxf5+ 51. Ke5 f4 52. Kf5 f3 53. Re7+ Kf8 54. Kg6 Rae1 55. Rf7+ Ke8 56. Nxb6 f2 57. c5 Re7 58. Rf3 Re2 59. d6 Rd1 60. d7+ Kd8 61. Rf8+ Kc7 62. a4 f1=Q 63. d8=Q+ Rxd8 64. Rxf1 Re3 65. b4 Rb3 66. Rf7+ Kc6 67. Rf6+ Kc7 68. Rf7+ Kc6 69. Rf6+ Kc7 70. Rf7+ Kc6 71. Rf6+ Kc7 72. Rf7+ Kc6 1/2-1/2

[Event "RUS-chT Men Rapid 2019"]
[Site "Sochi"]
[Date "2019.10.19"]
[Round "8.21"]
[White "Yudin, Sergei"]
[Black "Yatzenko, Anton"]
[Result "1-0"]
[ECO "C50"]
[WhiteElo "2497"]
[BlackElo "2383"]
[Annotator "ChessBase"]
[PlyCount "85"]
[EventDate "2019.10.18"]
[EventType "swiss"]
[EventCountry "RUS"]
[SourceTitle "playchess.com"]
[Source "ChessBase"]
[SourceQuality "1"]
[TimeControl "900+10"]

1. e4 e5 2. Nf3 Nc6 3. Bc4 Bc5 4. d3 Nf6 5. Nbd2 d6 6. O-O a6 7. c3 Ba7 8. Bb3 O-O 9. h3 h6 10. Re1 Be6 11. Bc2 Re8 12. Nf1 d5 13. exd5 Bxd5 14. Ng3 Qd7 15. b4 Bxf3 16. Qxf3 Nd5 17. Bd2 Re6 18. Ne4 Rf8 19. Bb3 Kh8 20. Nc5 Bxc5 21. bxc5 Nce7 22. Re2 c6 23. Rae1 Ng6 24. g3 Rf6 25. Qg4 Re6 26. d4 f5 27. Qh5 e4 28. c4 Nc7 29. Bc3 Kh7 30. Rd2 Qe8 31. Qd1 f4 32. d5 e3 33. dxe6 exd2 34. Qxd2 fxg3 35. fxg3 Nxe6 36. Bc2 Qf7 37. Qe3 Ng5 38. Kg2 Kh8 39. h4 Nf3 40. Re2 Nfxh4+ 41. gxh4 Nf4+ 42. Kh1 Nxe2 43. Qxh6+ 1-0

[Event "RUS-chT Men Rapid 2019"]
[Site "Sochi"]
[Date "2019.10.19"]
[Round "8.22"]
[White "Goltsev, Dmitry"]
[Black "Khegay, Dmitriy"]
[Result "0-1"]
[ECO "B08"]
[WhiteElo "2309"]
[BlackElo "2509"]
[Annotator "ChessBase"]
[PlyCount "158"]
[EventDate "2019.10.18"]
[EventType "swiss"]
[EventCountry "RUS"]
[SourceTitle "playchess.com"]
[Source "ChessBase"]
[SourceQuality "1"]
[TimeControl "900+10"]

1. e4 g6 2. d4 Bg7 3. Nf3 d6 4. h3 Nf6 5. Nc3 O-O 6. Be2 a6 7. a4 b6 8. O-O Bb7 9. Qd3 Nc6 10. Na2 e5 11. d5 Ne7 12. c4 a5 13. Nc3 Nd7 14. Be3 h6 15. Nh2 f5 16. f3 f4 17. Bf2 Nf6 18. Rfb1 Bc8 19. Kf1 g5 20. Ke1 Ng6 21. Kd2 h5 22. Kc2 Bd7 23. Rh1 Qc8 24. b3 Kf7 25. Rag1 Rh8 26. Qd1 Qb7 27. Na2 Rh6 28. Nc1 Rah8 29. Nd3 Qc8 30. Nf1 g4 31. hxg4 hxg4 32. Rxh6 Rxh6 33. Nd2 g3 34. Be1 Qh8 35. Bf1 Rh5 36. Nb1 Rh1 37. Rxh1 Qxh1 38. Qe2 Nh7 39. Bc3 Ng5 40. Ne1 Nh4 41. Na3 Bf6 42. Nb5 Bd8 43. b4 axb4 44. Bxb4 Qg1 45. Kc3 Ng6 46. Nd3 Nh7 47. Kb3 Ng5 48. Na3 Nh4 49. Ne1 Kg6 50. Nb5 Kg7 51. Kc2 Qh2 52. Kd1 Ng6 53. a5 bxa5 54. Bxa5 Qg1 55. Bxc7 Bxc7 56. Nxc7 Qd4+ 57. Qd3 Qa1+ 58. Ke2 Qa2+ 59. Qc2 Qa7 60. Nb5 Qf2+ 61. Kd1 Qxf1 62. Nxd6 Nh4 63. Qe2 Qf2 64. Nb5 Kg6 65. Nd3 Qg1+ 66. Kc2 Bxb5 67. Nxe5+ Kf6 68. Ng4+ Ke7 69. cxb5 Qxg2 70. Qxg2 Nxg2 71. b6 Ne1+ 72. Kb3 Nd3 73. Kc4 Nb4 74. Kb5 Nf7 75. e5 Nd8 76. Nh6 g2 77. Nf5+ Ke8 78. Kxb4 g1=Q 79. Kb5 Qb1+ 0-1

[Event "RUS-chT Men Rapid 2019"]
[Site "Sochi"]
[Date "2019.10.19"]
[Round "8.23"]
[White "Pogromsky, Mikhail"]
[Black "Kulik, Artur"]
[Result "1-0"]
[ECO "D30"]
[WhiteElo "2411"]
[BlackElo "2014"]
[Annotator "NA"]
[PlyCount "81"]
[EventDate "2019.10.18"]
[EventType "swiss"]
[EventCountry "RUS"]
[SourceTitle "playchess.com"]
[Source "ChessBase"]
[SourceQuality "1"]
[TimeControl "900+10"]

1. Nf3 d5 2. d4 Nf6 3. c4 e6 4. e3 c6 5. Nbd2 Nbd7 6. Bd3 Be7 7. O-O O-O 8. e4 dxe4 9. Nxe4 Nxe4 10. Bxe4 c5 11. Re1 Nf6 12. Bc2 cxd4 13. Bg5 h6 14. Bh4 d3 15. Qxd3 Qxd3 16. Bxd3 b6 17. Ne5 Bb7 18. f3 Rfd8 19. Rad1 Bc5+ 20. Bf2 Bxf2+ 21. Kxf2 g5 22. Rd2 Kg7 23. Red1 Rd4 24. Be2 Rxd2 25. Rxd2 Rc8 26. b4 Rc7 27. Rd8 Nh5 28. g3 f6 29. Ng4 f5 30. Ne3 Nf6 31. a3 Nd7 32. Nc2 Ne5 33. Nd4 Kf7 34. Nb5 Re7 35. Nd6+ Kg7 36. Rb8 Bc6 37. b5 Nd7 38. Re8 Kf6 39. bxc6 Ne5 40. Rxe7 Kxe7 41. c7 1-0

[Event "RUS-chT Men Rapid 2019"]
[Site "Sochi"]
[Date "2019.10.19"]
[Round "8.24"]
[White "Kolchin, Maxim"]
[Black "Ozgibcev, Anatoly"]
[Result "0-1"]
[ECO "A48"]
[WhiteElo "2077"]
[BlackElo "2367"]
[Annotator "NA"]
[PlyCount "100"]
[EventDate "2019.10.18"]
[EventType "swiss"]
[EventCountry "RUS"]
[SourceTitle "playchess.com"]
[Source "ChessBase"]
[SourceQuality "1"]
[TimeControl "900+10"]

1. d4 Nf6 2. Nf3 g6 3. Bf4 Bg7 4. e3 O-O 5. Be2 d6 6. h3 Nbd7 7. O-O b6 8. a4 c5 9. c3 Qc7 10. Bh2 Bb7 11. a5 Bc6 12. b4 cxb4 13. cxb4 Ne4 14. Qc2 Rac8 15. Rc1 Qb8 16. Qd3 Bd5 17. Nbd2 Ndf6 18. Qa3 Rxc1+ 19. Rxc1 Rc8 20. Ba6 Rxc1+ 21. Qxc1 Bb7 22. Bd3 Nxd2 23. Nxd2 Nd5 24. a6 Qc8 25. Qa3 Bc6 26. Be4 Qa8 27. Bf3 Nc7 28. Qc3 Nd5 29. Qc4 b5 30. Qb3 Nc7 31. Qc3 Nd5 32. Bxd5 Bxd5 33. f3 Qb8 34. e4 Be6 35. Kh1 Qc8 36. Qa3 Bxd4 37. Bg3 Qc3 38. Qxc3 Bxc3 39. Nf1 Bxb4 40. Bf2 Bc5 41. Bh4 Kf8 42. Kh2 Bc8 43. Nd2 Bxa6 44. Kg3 b4 45. Bg5 Bd3 46. Nb3 Bb6 47. Bc1 a5 48. Nd2 Be3 49. Nb3 Bxc1 50. Nxc1 Bc4 0-1

[Event "RUS-chT Men Rapid 2019"]
[Site "Sochi"]
[Date "2019.10.19"]
[Round "8.25"]
[White "Nesterov, Arseniy"]
[Black "Smirnov, Timofey"]
[Result "1-0"]
[ECO "D10"]
[WhiteElo "2484"]
[BlackElo "2354"]
[Annotator "ChessBase"]
[PlyCount "133"]
[EventDate "2019.10.18"]
[EventType "swiss"]
[EventCountry "RUS"]
[SourceTitle "playchess.com"]
[Source "ChessBase"]
[SourceQuality "1"]
[TimeControl "900+10"]

1. d4 d5 2. c4 c6 3. Nc3 Nf6 4. e3 Bf5 5. cxd5 cxd5 6. Qb3 Nc6 7. Qxb7 Bd7 8. Qb3 Rb8 9. Qd1 e5 10. dxe5 Nxe5 11. Nge2 Bc5 12. Nd4 Ne4 13. Be2 Nxc3 14. bxc3 Qc7 15. O-O Bd6 16. Bd2 O-O 17. h3 Nc4 18. Bf3 Qc5 19. Nb3 Qc6 20. Nd4 Qc5 21. Nb3 Qc6 22. Bc1 Nb6 23. Qd3 Bc7 24. Ba3 Rfe8 25. Rad1 Qa4 26. Bc5 Bb5 27. Qf5 Bxf1 28. Rxf1 Re5 29. Qd3 Qxa2 30. Nd4 Qc4 31. Qxc4 dxc4 32. Ba3 Ra5 33. Bb4 Ra2 34. Nc6 Re8 35. Rd1 g6 36. g4 h6 37. Bc5 a5 38. Rb1 Nd7 39. Bd4 Ne5 40. Bxe5 Bxe5 41. Bd5 Bxc3 42. Rb7 Rf8 43. Bxc4 Ra1+ 44. Kg2 a4 45. h4 a3 46. h5 gxh5 47. Ne7+ Kg7 48. Nf5+ Kh8 49. Nxh6 h4 50. Nxf7+ Kg7 51. Nd6+ Kh6 52. f4 Rd1 53. Ne4 Bg7 54. Ra7 Rc1 55. Bd3 Rd1 56. g5+ Kh7 57. Nf2+ Rxd3 58. Nxd3 Re8 59. Kf3 h3 60. Rxa3 h2 61. Nf2 Rb8 62. Rd3 Rb1 63. Kg2 Rb2 64. Rd1 Rb3 65. Kf3 Kg6 66. Rh1 Bd4 67. Ng4 1-0

[Event "RUS-chT Men Rapid 2019"]
[Site "Sochi"]
[Date "2019.10.19"]
[Round "8.26"]
[White "Gurvich, Vitaly"]
[Black "Shubin, Kirill"]
[Result "1/2-1/2"]
[ECO "E17"]
[WhiteElo "2278"]
[BlackElo "2416"]
[Annotator "NA"]
[PlyCount "50"]
[EventDate "2019.10.18"]
[EventType "swiss"]
[EventCountry "RUS"]
[SourceTitle "playchess.com"]
[Source "ChessBase"]
[SourceQuality "1"]
[TimeControl "900+10"]

1. d4 e6 2. c4 Nf6 3. Nf3 b6 4. g3 Bb7 5. Bg2 Be7 6. Nc3 Ne4 7. Bd2 Bf6 8. Qc2 Nxd2 9. Qxd2 d6 10. O-O O-O 11. e4 Nd7 12. Rfe1 e5 13. Rad1 g6 14. b3 Bg7 15. h4 Re8 16. h5 a5 17. Bh3 exd4 18. Nxd4 Nc5 19. hxg6 hxg6 20. Bg2 Qd7 21. Nd5 Bxd5 22. cxd5 Qg4 23. Bf3 Qh3 24. Bg2 Qg4 25. Bf3 Qh3 1/2-1/2

[Event "RUS-chT Men Rapid 2019"]
[Site "Sochi"]
[Date "2019.10.19"]
[Round "8.28"]
[White "Girshgorn, Leonid"]
[Black "Yeritsyan, Aram"]
[Result "1/2-1/2"]
[ECO "A05"]
[WhiteElo "2183"]
[BlackElo "2271"]
[Annotator "NA"]
[PlyCount "87"]
[EventDate "2019.10.18"]
[EventType "swiss"]
[EventCountry "RUS"]
[SourceTitle "playchess.com"]
[Source "ChessBase"]
[SourceQuality "1"]
[TimeControl "900+10"]

1. Nf3 Nf6 2. g3 b5 3. Bg2 Bb7 4. O-O e6 5. d3 c5 6. e4 d6 7. Re1 Be7 8. Nbd2 Nbd7 9. d4 cxd4 10. Nxd4 Qb6 11. c3 O-O 12. a4 a6 13. Qe2 bxa4 14. Rxa4 Nc5 15. Ra1 d5 16. e5 Nfd7 17. b4 Ne4 18. Nxe4 dxe4 19. Bxe4 Rfc8 20. Bxb7 Qxb7 21. Bb2 Nb6 22. Nb3 Nd5 23. Na5 Qb6 24. Rac1 Rc7 25. Nc4 Qc6 26. Ne3 Nb6 27. Ba3 Qa4 28. Bb2 Qb3 29. Qc2 Qxc2 30. Rxc2 Na4 31. Rec1 Kf8 32. Kf1 h5 33. h4 g6 34. Ke2 Rac8 35. Ba1 Ke8 36. Kd3 Rd8+ 37. Ke4 Rdc8 38. Kd3 Rd7+ 39. Ke2 Rdc7 40. Kd3 Rd7+ 41. Ke4 Rdc7 42. Kd3 Rd7+ 43. Ke2 Rdc7 44. Kd3 1/2-1/2

[Event "RUS-chT Men Rapid 2019"]
[Site "Sochi"]
[Date "2019.10.19"]
[Round "9.1"]
[White "Kokarev, Dmitry"]
[Black "Grachev, Boris"]
[Result "1-0"]
[ECO "B46"]
[WhiteElo "2593"]
[BlackElo "2621"]
[Annotator "ChessBase"]
[PlyCount "149"]
[EventDate "2019.10.18"]
[EventType "swiss"]
[EventCountry "RUS"]
[SourceTitle "playchess.com"]
[Source "ChessBase"]
[SourceQuality "1"]
[TimeControl "900+10"]

1. e4 c5 2. Nf3 e6 3. d4 cxd4 4. Nxd4 Nc6 5. Nc3 a6 6. Nxc6 bxc6 7. Bd3 d5 8. O-O Nf6 9. Qf3 Be7 10. Bf4 O-O 11. b3 Bb7 12. Qh3 g6 13. e5 Nd7 14. Na4 c5 15. c4 d4 16. Rae1 Re8 17. Bh6 Bg5 18. f4 Bxh6 19. Qxh6 Qe7 20. Nb2 Qf8 21. Qh4 a5 22. Be4 Bxe4 23. Rxe4 f5 24. exf6 Qxf6 25. Qh3 Qf5 26. Qf3 h5 27. Rfe1 Ra6 28. Nd3 Rf8 29. h3 a4 30. b4 cxb4 31. Rxd4 Ra7 32. Qc6 Qf7 33. Nxb4 e5 34. Rd6 Qxf4 35. Nd3 Qf5 36. Rxg6+ Kh7 37. Rd6 Rf6 38. Rxf6 Qxf6 39. Qxf6 Nxf6 40. Rxe5 Rd7 41. Nf4 Rd1+ 42. Kh2 h4 43. Nd5 Ng8 44. Rh5+ Kg6 45. Rxh4 Rd2 46. Nc3 a3 47. Rg4+ Kf7 48. Rg3 Ne7 49. Nb5 Nf5 50. Rf3 Kg6 51. Rxa3 Re2 52. Rf3 Rxa2 53. c5 Rb2 54. Nc3 Nd4 55. Rd3 Ne6 56. c6 Rc2 57. Nd5 Rc5 58. c7 Nxc7 59. Nxc7 Rxc7 60. h4 Kh5 61. Kh3 Rc1 62. Rd5+ Kh6 63. Rd6+ Kh7 64. h5 Rc4 65. g4 Kg7 66. Kh4 Kh7 67. Rd5 Kh6 68. Rd6+ Kh7 69. h6 Rc1 70. Kh5 Rh1+ 71. Kg5 Rg1 72. Rd7+ Kg8 73. Kh5 Ra1 74. g5 Ra6 75. Rd8+ 1-0

[Event "RUS-chT Men Rapid 2019"]
[Site "Sochi"]
[Date "2019.10.19"]
[Round "9.2"]
[White "Potkin, Vladimir"]
[Black "Ulybin, Mikhail"]
[Result "0-1"]
[ECO "D06"]
[WhiteElo "2583"]
[BlackElo "2455"]
[Annotator "ChessBase"]
[PlyCount "54"]
[EventDate "2019.10.18"]
[EventType "swiss"]
[EventCountry "RUS"]
[SourceTitle "playchess.com"]
[Source "ChessBase"]
[SourceQuality "1"]
[TimeControl "900+10"]

1. d4 d5 2. c4 c5 3. cxd5 Qxd5 4. Nf3 cxd4 5. Nc3 Qa5 6. Nxd4 Nf6 7. g3 e5 8. Nb3 Qc7 9. Bg2 Bb4 10. Bd2 O-O 11. O-O Nc6 12. a3 Bxc3 13. Bxc3 Bf5 14. Nc5 Rac8 15. Rc1 Rfd8 16. Qb3 b6 17. Na6 Nd4 18. Qd1 Qc4 19. Bxd4 Qxa6 20. Rxc8 Qxc8 21. Bxe5 Rxd1 22. Rxd1 h6 23. f3 Qc5+ 24. Bd4 Qc2 25. Re1 Qd2 26. Bc3 Qe3+ 27. Kf1 Nd5 0-1

[Event "RUS-chT Men Rapid 2019"]
[Site "Sochi"]
[Date "2019.10.19"]
[Round "9.3"]
[White "Pingin, Artem"]
[Black "Savchenko, Boris"]
[Result "1/2-1/2"]
[ECO "C18"]
[WhiteElo "2048"]
[BlackElo "2581"]
[Annotator "ChessBase"]
[PlyCount "183"]
[EventDate "2019.10.18"]
[EventType "swiss"]
[EventCountry "RUS"]
[SourceTitle "playchess.com"]
[Source "ChessBase"]
[SourceQuality "1"]
[TimeControl "900+10"]

1. e4 e6 2. d4 d5 3. Nc3 Bb4 4. e5 c5 5. a3 Bxc3+ 6. bxc3 Qa5 7. Bd2 Qa4 8. Qb1 c4 9. Nh3 Nc6 10. Nf4 Bd7 11. g3 O-O-O 12. Bh3 h6 13. O-O Kb8 14. Qb2 Bc8 15. Rae1 Ka8 16. Qc1 a6 17. Ng2 Nge7 18. Ne3 Na7 19. f4 Nb5 20. f5 exf5 21. Bxf5 Nxf5 22. Nxf5 Rhg8 23. Ne7 Rgf8 24. Nxc8 Rxc8 25. Qd1 Nxa3 26. Qf3 Qc6 27. e6 fxe6 28. Qxf8 Rxf8 29. Rxf8+ Ka7 30. Bf4 Nb5 31. Bb8+ Kb6 32. Rf3 Qc8 33. Be5 g5 34. Bg7 a5 35. Bf8 Ka6 36. Bxh6 g4 37. Rfe3 e5 38. Rxe5 Nxc3 39. Bd2 Ne4 40. Bxa5 Qf8 41. Rf1 Qa3 42. Rxd5 Qe3+ 43. Kg2 Qe2+ 44. Kg1 Qe3+ 45. Kg2 b6 46. Bb4 Qe2+ 47. Kg1 Ng5 48. Ra1+ Kb7 49. Rxg5 Qe3+ 50. Kg2 Qxg5 51. c3 Kc6 52. Rf1 Qe3 53. Rf6+ Kb5 54. Rf4 Qe2+ 55. Rf2 Qe4+ 56. Kg1 Ka4 57. Rf4 Qe3+ 58. Kg2 Qe2+ 59. Rf2 Qe4+ 60. Kg1 Kb3 61. Rf4 Qe3+ 62. Rf2 Qd3 63. Kg2 Qb1 64. Re2 Qa1 65. Rf2 Qa8+ 66. Kg1 Qb7 67. Re2 Qh7 68. Kg2 Ka4 69. Rf2 Qd3 70. Rf4 Kb5 71. Rf2 Kc6 72. Rf4 Kd5 73. Kg1 Qe2 74. Kh1 Qe1+ 75. Kg2 Qd1 76. Rf1 Qe2+ 77. Rf2 Qe4+ 78. Kg1 Qb1+ 79. Rf1 Qe4 80. Rf4 Qd3 81. Kf2 Qc2+ 82. Kg1 b5 83. Kh1 Qe2 84. Kg1 Ke6 85. Rf8 Qe3+ 86. Kg2 Qe4+ 87. Kg1 Qd3 88. Re8+ Kf5 89. Re5+ Kf6 90. Rxb5 Qd1+ 91. Kg2 Qc2+ 92. Kg1 {[%emt 0:00:02] Ke5} 1/2-1/2

[Event "RUS-chT Men Rapid 2019"]
[Site "Sochi"]
[Date "2019.10.19"]
[Round "9.4"]
[White "Popov, Ivan"]
[Black "Garifullina, Leya"]
[Result "1-0"]
[ECO "B90"]
[WhiteElo "2611"]
[BlackElo "2330"]
[Annotator "ChessBase"]
[PlyCount "61"]
[EventDate "2019.10.18"]
[EventType "swiss"]
[EventCountry "RUS"]
[SourceTitle "playchess.com"]
[Source "ChessBase"]
[SourceQuality "1"]
[TimeControl "900+10"]

1. e4 c5 2. Nf3 d6 3. d4 cxd4 4. Nxd4 Nf6 5. Nc3 a6 6. h3 e5 7. Nde2 b5 8. Ng3 Bb7 9. Bg5 Nbd7 10. a4 b4 11. Nd5 Bxd5 12. exd5 h6 13. Bxf6 Nxf6 14. Bc4 Qc8 15. Qe2 Be7 16. a5 O-O 17. O-O Re8 18. Rfd1 Bf8 19. Bb3 Rd8 20. Ba4 Rb8 21. Bc6 g6 22. Rd3 Kg7 23. Rf3 Nd7 24. Nh5+ gxh5 25. Rg3+ Kf6 26. Qxh5 Ke7 27. Re1 Nf6 28. Rxe5+ dxe5 29. Qxe5+ Qe6 30. dxe6 Rd6 31. Rf3 1-0